 Dungeon Crawl Stone Soup version 0.20-a0-830-g2c9a30d (webtiles) character file.

43372 Duffy the Cleaver (level 14, 32/79 HPs)
             Began as a Vine Stalker Fighter on Mar 6, 2017.
             Was the Champion of Jiyva.
             Quit the game on level 6 of the Lair of Beasts.
             The game lasted 00:19:16 (13536 turns).

Duffy the Cleaver (Vine Stalker Fighter)           Turns: 13536, Time: 00:19:16

Health: 32/79      AC: 16    Str: 27    XL:     14   Next: 24%
Magic:  13/19      EV: 11    Int: 12    God:    Jiyva [******]
Gold:   545        SH: 12    Dex:  9    Spells: 13/13 levels left

rFire    . . .     SeeInvis +   l - +0 hand axe (elec)
rCold    + . .     Gourm    .   G - +3 scale mail of Somewhere Else {-Cast rN+ Regen+ SInv}
rNeg     + . .     Faith    .   c - +0 shield
rPois    .         Spirit   +   (helmet restricted)
rElec    .         Reflect  .   x - +0 cloak
rCorr    +         Harm     .   E - +0 pair of gloves
MR       +....     NoCast   +   (no boots)
Stlth    ..........             q - amulet of rage
Regen    1.5/turn               (no ring)
MPRegen  0.2/turn               (no ring)

@: very slow
A: antennae 1, claws 1, fangs 3, see invisible, clever 1, cold resistance 1,
regeneration 2, wild magic 1, eyeballs 1, gelatinous body 2, evolution 1, magic
shield, antimagic bite, no potion heal 3, rot immunity, sturdy frame 1
a: Request Jelly, Slimify, Cure Bad Mutation, Renounce Religion, Evoke Berserk
Rage


You were on level 6 of the Lair of Beasts.
You worshipped Jiyva.
Jiyva was exalted by your worship.
You were completely stuffed.

You visited 2 branches of the dungeon, and saw 16 of its levels.
You also visited: Ice Cave.

You collected 545 gold pieces.

Inventory:

Hand Weapons
 a - a +0 war axe
 l - a +0 hand axe of electrocution (weapon)
 r - a +0 war axe of freezing
 w - a +1 war axe of freezing
 A - a +0 scimitar of flaming
Missiles
 v - a throwing net (quivered)
Armour
 c - a +0 shield (worn)
 x - a +0 cloak (worn)
 z - a +0 plate armour
 E - a +0 pair of gloves (worn)
 G - the +3 scale mail of Somewhere Else (worn) {-Cast rN+ Regen+ SInv}
   (You found it on level 5 of the Lair of Beasts)

   It protects you from negative energy.
   It lets you see invisible.
   It prevents spellcasting.
   It increases your rate of regeneration.
Jewellery
 q - an amulet of rage (around neck)
Wands
 D - a wand of polymorph (4/24)
Scrolls
 b - a scroll of fear {unknown}
 h - a scroll of blinking
 j - 5 scrolls of magic mapping
 o - 2 scrolls of teleportation
 s - a scroll of fog
 u - a scroll of enchant armour
 y - 2 scrolls of recharging
 B - 4 scrolls of remove curse
 C - a scroll of noise {unknown}
Potions
 d - 3 potions of might
 e - a potion of lignification
 g - a potion of mutation
 m - 2 potions of berserk rage
 n - 2 potions of curing
 p - 2 potions of agility
 F - a potion of magic
 I - a potion of flight
Comestibles
 f - 9 bread rations
 i - 8 royal jellies
 k - 12 fruits
 t - 4 meat rations
 H - 6 chunks of flesh


   Skills:
 + Level 11.0 Fighting
 + Level 12.0 Axes
 + Level 10.0 Armour
 + Level 10.6 Shields
 - Level 6.0 Evocations


You had 13 spell levels left.
You didn't know any spells.

Dungeon Overview and Level Annotations

Branches:
Dungeon (10/15)            Temple (0/1) D:6            Lair (6/6) D:9
 Shoals (0/4) Lair:4        Snake (0/4) Lair:3          Orc (0/2) D:10
  Slime: Lair:5-6

Altars:
Ashenzari
Cheibriados
Fedhas
Gozag
Makhleb
Sif Muna
Trog
Uskayaw
Vehumet
Wu Jian
Zin
Jiyva

Annotations:
Lair:6 exclusion: 2 oklob plants


Innate Abilities, Weirdness & Mutations

You have razor-sharp teeth.
You heal very quickly.
When hurt, damage is shared between your health and your magic reserves.
Your bite disrupts and absorbs the magic of your enemies.
Potions cannot restore your health.
You are immune to rotting.
You have a pair of small antennae on your head.
You have sharp fingernails.
You have supernaturally acute eyesight. (SInv)
Your mind is acute. (Int +2)
Your flesh is cold resistant. (rC+)
Your spells are a little harder to cast, but a little more powerful.
Your body has grown golden eyes which may confuse attackers. (Acc +3)
Your pliable body absorbs attacks. (AC +2, EV +2)
You evolve.
Your movements are slightly less encumbered by armour. (ER -2)


Message History

The fire crab bites you but does no damage.
The fire crab claws you.
You are engulfed in flames!
You hit the fire crab. You bite the fire crab. You drain its power.
You feel invigorated.
You kill the fire crab!
Your Armour skill increases to level 10!
You see here a fire crab corpse.
You hear a slurping noise.
Jiyva appreciates your sacrifice.
You feel a little less hungry.
You feel your power returning.
You feel better.
You sense a monster nearby.
The jelly hits the plant but does no damage.
The jelly hits the plant but does no damage.
The jelly hits the blink frog.
The blink frog is splashed with acid.
A blink frog comes into view.
The blink frog croaks.
The blink frog moves out of view.
A blink frog comes into view.
A blink frog is nearby!
Are you sure you want to abandon this character and quit the game? (Confirm with "yes".)

#~~~~$($)~#~~(~~~~.
#~~~P~~~~~#~~.~~..~ .~.#
#~~~~~~~~~~~~.#~.
#.~~~~~#~~~~~~~F~~#~.~~~~~
P.~~~~~#P~~~~~~~~P~~#~~~~~
....#~~#~~~~~~JP~~~~# ~##~
..~#.~~#.~~~~~~~~~~.# .#
#.~~~~~#####J~~~##### ~~
##.~~~~#~~~~~PJJ@~~8# ~ ~
.P.##~~#~P~~~88~~~~~# ~#.~.
....#~~#~~P~~~J~~~~~#~~#...
..~~~~~.#~#..~~#..~##~~~~~ .#
...~~~~~~~~~~~~~~~~~~~~~~....
....#~~#.~~#.~P#.~~.#~P##~...
.....~~##P~.#~~#.~P##~P##~...
.....~~..~.....~~.~.~~.~~....
...#~~#.P~.........~~........


You could see a blink frog (wandering) and 5 neutral jellies (fellow slime).

Vanquished Creatures
  Josephine (Lair:4)
  A hydra (Lair:1)
  Erica (D:10)
  A merfolk avatar (Lair:6)
  6 death yaks
  5 two-headed ogres
  A fire crab (Lair:6)
  Pikel (D:5)
  2 ugly things
  2 manticores (Lair:6)
  A merfolk siren (Lair:4)
  2 black mambas
  18 elephants
  9 spiny frogs
  2 rime drakes
  A kobold demonologist (D:10)
  2 ice devils (Lair:4)
  3 komodo dragons
  A wind drake (Lair:6)
  6 blink frogs
  2 hornets (Lair:6)
  7 polar bears
  3 merfolk (Lair:4)
  2 hippogriffs
  3 wraiths (Lair:4)
  2 spriggans
  7 wyverns
  A human (D:8)
  15 yaks
  Grum (D:10)
  3 basilisks
  A hungry ghost (D:10)
  2 hogs (D:8)
  4 nagas (Lair:3)
  Edmund (D:3)
  12 water moccasins
  5 porcupines
  2 sky beasts
  10 ice beasts
  A slave (D:5)
  2 black bears
  3 orc warriors
  A hornet zombie (D:7)
  3 phantoms
  3 ogres
  12 wolves
  2 centaurs (D:7)
  11 crocodiles
  14 big kobolds (D:10)
  Blork the orc (D:5)
  12 bullfrogs
  2 scorpions
  5 wights
  3 crimson imps
  2 orc wizards
  A bullfrog skeleton (D:10)
  An orc priest (D:8)
  2 hounds
  A centaur skeleton (D:7)
  2 iguanas
  Ijyb (D:3)
  6 worker ants
  A hound zombie (D:7)
  A hound skeleton (D:5)
  2 gnolls
  8 adders
  2 shadow imps (D:7)
  2 oozes (D:2)
  A worm (D:2)
  3 dart slugs
  5 leopard geckos
  18 orcs
  4 ball pythons
  9 bats
  5 giant cockroaches
  6 goblins
  12 hobgoblins
  11 kobolds
  A quokka (D:3)
  3 frilled lizards (D:3)
  10 rats
  3 fungi
  4 plants
351 creatures vanquished.

Vanquished Creatures (collateral kills)
  A dire elephant (Lair:2)
  A lindwurm (Lair:5)
  2 elephants (Lair:2)
  A spiny frog (Lair:1)
  3 komodo dragons
  A rime drake (Lair:6)
  An ogre (D:10)
  2 bullfrogs (Lair:1)
12 creatures vanquished.

Vanquished Creatures (others)
  A wizard (D:5)
  A rime drake (Lair:6)
  A slime creature (Lair:2)
  A hog (D:8)
  2 water moccasins
  2 porcupines
  A black bear (D:7)
  A slave (D:5)
  2 bullfrogs
  2 wights (D:6)
  2 hounds
  66 jellies
  2 orc wizards
  3 worker ants
  5 adders
  A howler monkey skeleton (D:5)
  An ooze (D:7)
  An adder zombie (D:6)
  A dart slug (D:3)
  10 orcs
  4 jackals (D:5)
  A kobold (D:3)
  A bat (D:3)
  2 bushes (D:7)
  87 fungi
  23 plants
224 creatures vanquished.

Grand Total: 587 creatures vanquished

Notes
Turn   | Place    | Note
-------+----------+-------------------------------------------
     0 | D:1      | Duffy the Vine Stalker Fighter began the quest for the Orb.
     0 | D:1      | Reached XP level 1. HP: 11/11 MP: 2/2
    43 | D:1      | Reached skill level 2 in Axes
    66 | D:1      | Reached XP level 2. HP: 7/16 MP: 3/3
   361 | D:1      | Reached XP level 3. HP: 19/19 MP: 4/4
   903 | D:2      | Gained mutation: Your natural rate of healing is unusually fast. [Vine Stalker growth]
   903 | D:2      | Reached XP level 4. HP: 23/23 MP: 3/5
  1009 | D:2      | Found a snail-covered altar of Cheibriados.
  1009 | D:2      | Found a deep blue altar of Sif Muna.
  1078 | D:2      | Reached skill level 1 in Evocations
  1634 | D:3      | Found a faded altar of an unknown god.
  1687 | D:3      | Reached XP level 5. HP: 28/28 MP: 7/7
  1725 | D:3      | Became a worshipper of Jiyva Jepick the Shapeless
  1725 | D:3      | Reached * piety under Jiyva
  1790 | D:3      | Found a shattered altar of Ashenzari.
  2075 | D:3      | Noticed Ijyb
  2088 | D:3      | Killed Ijyb
  2348 | D:3      | Reached ** piety under Jiyva
  2356 | D:3      | Found a bloodstained altar of Trog.
  2856 | D:4      | Noticed a phantom
  2882 | D:3      | Killed a phantom
  2882 | D:3      | Reached XP level 6. HP: 32/32 MP: 8/10
  2990 | D:4      | Noticed Edmund
  3027 | D:3      | Killed Edmund
  3027 | D:3      | Reached skill level 5 in Evocations
  3560 | D:4      | Reached XP level 7. HP: 35/35 MP: 11/11
  3647 | D:5      | Entered Level 5 of the Dungeon
  3677 | D:4      | Gained mutation: You are robust. (+10% HP) [potion of mutation]
  3677 | D:4      | Gained mutation: You are partially covered in yellow scales. (AC +2) [potion of mutation]
  3677 | D:4      | Gained mutation: Your spells are a little harder to cast, but a little more powerful. [potion of mutation]
  3677 | D:4      | Gained mutation: Your mind is acute. (Int +2) [potion of mutation]
  3678 | D:4      | Lost mutation: Your mind is acute. (Int +2) [potion of mutation]
  3678 | D:4      | Lost mutation: You are robust. (+10% HP) [potion of mutation]
  3678 | D:4      | Lost mutation: Your spells are a little harder to cast, but a little more powerful. [potion of mutation]
  3678 | D:4      | Lost mutation: You are partially covered in yellow scales. (AC +2) [potion of mutation]
  3678 | D:4      | Gained mutation: You have large cloven feet. [potion of mutation]
  3734 | D:5      | Found a bloodstained altar of Trog.
  3735 | D:5      | Noticed a wizard
  3737 | D:5      | Noticed Pikel
  3740 | D:5      | Killed a wizard
  3749 | D:5      | Killed Pikel
  3749 | D:5      | Reached skill level 4 in Axes
  3749 | D:5      | Gained mutation: You have razor-sharp teeth. [Vine Stalker growth]
  3749 | D:5      | Reached XP level 8. HP: 42/42 MP: 11/13
  3807 | D:5      | Noticed Blork the orc
  3812 | D:5      | Killed Blork the orc
  4029 | D:5      | Gained mutation: Your system is resistant to poisons. (rPois) [mutagenic meat]
  4030 | D:5      | Gained mutation: You are somewhat resistant to further mutation. [mutagenic meat]
  4031 | D:5      | Lost mutation: You are somewhat resistant to further mutation. [mutagenic meat]
  4032 | D:5      | Gained mutation: Your mind is acute. (Int +2) [mutagenic meat]
  4082 | D:5      | Reached *** piety under Jiyva
  4122 | D:5      | Found a burning altar of Makhleb.
  4125 | D:5      | Noticed a balrug
  4127 | D:5      | Found a glowing silver altar of Zin.
  4128 | D:5      | Noticed an angel
  4373 | D:5      | Lost mutation: Your mind is acute. (Int +2) [Jiyva's grace]
  4542 | D:6      | Found a staircase to the Ecumenical Temple.
  4624 | D:6      | Reached **** piety under Jiyva
  4670 | D:6      | Gained mutation: You are resistant to electric shocks. (rElec) [Jiyva's grace]
  5032 | D:7      | Found a snail-covered altar of Cheibriados.
  5067 | D:7      | Reached skill level 5 in Fighting
  5088 | D:7      | Reached skill level 5 in Axes
  5088 | D:7      | Reached XP level 9. HP: 42/47 MP: 14/14
  5122 | D:7      | Lost mutation: Your system is resistant to poisons. (rPois) [Jiyva's grace]
  5180 | D:7      | Reached ***** piety under Jiyva
  5331 | D:7      | Found a blossoming altar of Fedhas.
  5828 | D:8      | Reached skill level 5 in Shields
  5859 | D:8      | Found an opulent altar of Gozag.
  5861 | D:8      | Found an ornate altar of the Wu Jian Council.
  5868 | D:8      | Found a radiant altar of Vehumet.
  5868 | D:8      | Found a hide-covered altar of Uskayaw.
  5959 | D:8      | Noticed a two-headed ogre
  5978 | D:8      | Killed a two-headed ogre
  5978 | D:8      | Reached skill level 6 in Axes
  5978 | D:8      | Reached skill level 5 in Armour
  5984 | D:8      | Gained mutation: You have sharp fingernails. [Jiyva's grace]
  6155 | D:8      | Noticed a two-headed ogre
  6192 | D:8      | Killed a two-headed ogre
  6192 | D:8      | Reached XP level 10. HP: 37/53 MP: 9/15
  6346 | D:8      | Noticed a two-headed ogre
  6353 | D:8      | Killed a two-headed ogre
  6362 | D:8      | Reached skill level 7 in Axes
  6409 | D:8      | Noticed a cyan ugly thing
  6419 | D:8      | Killed a cyan ugly thing
  6685 | D:9      | Found a staircase to the Lair.
  6686 | D:9      | Noticed an elephant
  6732 | D:9      | Killed an elephant
  6738 | D:9      | Reached XP level 11. HP: 19/58 MP: 8/16
  6772 | D:9      | Lost mutation: You have large cloven feet. [Jiyva's grace]
  6975 | D:10     | Entered Level 10 of the Dungeon
  7129 | D:10     | Reached ****** piety under Jiyva
  7171 | D:10     | Gained mutation: Your body has grown golden eyes which may confuse attackers. (Acc +3) [Jiyva's grace]
  7225 | D:10     | Gained mutation: Your spells are a little harder to cast, but a little more powerful. [Jiyva's grace]
  7240 | D:10     | Noticed Grum
  7247 | D:10     | Killed Grum
  7256 | D:10     | Reached skill level 8 in Axes
  7314 | D:10     | Noticed a two-headed ogre
  7337 | D:10     | Killed a two-headed ogre
  7464 | D:10     | Gained mutation: You have supernaturally acute eyesight. (SInv) [Jiyva's grace]
  7564 | D:10     | Noticed a two-headed ogre
  7570 | D:10     | Killed a two-headed ogre
  7788 | D:10     | Noticed Erica
  7805 | D:10     | Killed Erica
  7824 | D:10     | Found a staircase to the Orcish Mines.
  7908 | Lair:1   | Entered Level 1 of the Lair of Beasts
  8012 | Lair:1   | Reached skill level 9 in Axes
  8096 | Lair:1   | Noticed a five-headed hydra
  8114 | Lair:1   | Killed a two-headed hydra
  8240 | Lair:1   | Gained mutation: You heal very quickly. [Vine Stalker growth]
  8240 | Lair:1   | Reached XP level 12. HP: 47/65 MP: 14/17
  8276 | Lair:1   | Gained mutation: Your rubbery body absorbs attacks. (AC +1, EV +1) [Jiyva's grace]
  8965 | Lair:2   | Gained mutation: You have a small jelly attached to you that may absorb incoming projectiles. [Jiyva's grace]
  9039 | Lair:2   | Reached skill level 10 in Axes
  9087 | Lair:2   | Gained mutation: Your system is resistant to poisons. (rPois) [Jiyva's grace]
  9369 | Lair:2   | Noticed a dire elephant
  9408 | Lair:2   | Killed a dire elephant
  9629 | Lair:2   | Lost mutation: Your system is resistant to poisons. (rPois) [Jiyva's grace]
  9669 | Lair:2   | Lost mutation: You are resistant to electric shocks. (rElec) [Jiyva's grace]
  9682 | Lair:2   | Gained mutation: You have a pair of small antennae on your head. [Jiyva's grace]
  9794 | Lair:3   | Found a staircase to the Snake Pit.
  9878 | Lair:3   | Got a bloodstained ring mail
  9892 | Lair:3   | Identified the +3 ring mail of Gigitann {-Tele MR+ Dex+2} (You found it on level 3 of the Lair of Beasts)
  9938 | Lair:3   | Reached XP level 13. HP: 55/71 MP: 13/18
  9994 | Lair:3   | Reached skill level 11 in Axes
 10214 | Lair:3   | Gained mutation: You evolve. [Jiyva's grace]
 10649 | Lair:4   | Noticed Josephine
 10662 | Lair:4   | Killed Josephine
 10678 | Lair:4   | Reached skill level 10 in Fighting
 10844 | Lair:4   | Found a frozen archway.
 10871 | IceCv    | Entered an ice cave
 11197 | Lair:4   | Lost mutation: You have a small jelly attached to you that may absorb incoming projectiles. [Jiyva's grace]
 11392 | Lair:4   | Found a staircase to the Shoals.
 11856 | Lair:5   | Reached skill level 10 in Shields
 12856 | Lair:5   | Got a fine scale mail
 12867 | Lair:5   | Identified the +3 scale mail of Somewhere Else {-Cast rN+ Regen+ SInv} (You found it on level 5 of the Lair of Beasts)
 12905 | Lair:6   | Entered Level 6 of the Lair of Beasts
 13033 | Lair:6   | Gained mutation: Your pliable body absorbs attacks. (AC +2, EV +2) [Jiyva's grace]
 13207 | Lair:6   | Reached XP level 14. HP: 77/77 MP: 19/19
 13288 | Lair:5   | Gained mutation: Your movements are slightly less encumbered by armour. (ER -2) [Jiyva's grace]
 13294 | Lair:5   | Reached skill level 12 in Axes
 13399 | Lair:6   | Paralysed by a hornet for 2 turns
 13402 | Lair:6   | HP: 3/79 [polar bear (7)]
 13430 | Lair:6   | Gained mutation: Your flesh is cold resistant. (rC+) [Jiyva's grace]
 13463 | Lair:6   | Gained mutation: Your mind is acute. (Int +2) [Jiyva's grace]
 13524 | Lair:6   | Reached skill level 10 in Armour
 13536 | Lair:6   | Quit the game

Vault maps used:
D:1:      saegor_arrival_miasma, minivault_11
D:2:      gammafunk_temple_overflow_wave
D:3:      cheibrodos_ashenzari_chains, chequers_ecumenical_altar_lobes,
          trog_butcher_becter, uniq_iyjb
D:4:      uniq_edmund
D:5:      grunt_temple_overflow_order_and_chaos_2, first_bread,
          minmay_misc_feat_encased, trog_wizard, uniq_blork_the_orc, uniq_pikel
D:6:      minmay_temple_entry_grid, lemuel_flamethrower_2
D:7:      fedhas_bush_and_centaur_altar, basic_altar
D:8:      chequers_temple_overflow_statue_of_worship, grunt_livestock,
          grunt_decor_one_mirror
D:9:      david_lair_generic
D:10:     orc_0_dummy, special_room, uniq_erica, uniq_grum
Lair:2:   mu_elephants_graveyard, serial_bayou_shore_b
Lair:3:   minmay_snake_entry_guardpost_small, beast_lair_carwin_11
Lair:4:   elwin_shoals_entry_stream, portal_ice_cave_demonic_guard,
          uniq_josephine
Lair:5:   grunt_forest_stairs_clearing
Lair:6:   gammafunk_lair_ancient_temple, slime_altar_1,
          grunt_forest_small_clearings, eino_house_with_fridge,
          minmay_lair_oklob_chamber
IceCv:    ice_cave_statue_garden_chambered

Skill      XL: |  1  2  3  4  5  6  7  8  9 10 11 12 13 14 |
---------------+-------------------------------------------+-----
Axes           | 2 4 5 6 7 9 10 11 12 | 12.0
Shields        | 3 4 6 8 9 10 | 10.6
Evocations     | 2 4 5 6 |  6.0
Fighting       | 4 5 6 7 8 9 10 11 | 11.0
Armour         | 3 5 6 7 8 9 10 | 10.0

Action                   |  1- 3 |  4- 6 |  7- 9 | 10-12 | 13-15 || total
-------------------------+-------+-------+-------+-------+-------++-------
Melee: War axe           |    28 |       |    24 |       |       ||    52
       Bite              |    11 |    36 |    66 |   188 |   177 ||   478
       Hand axe          |    38 |   142 |   152 |   515 |   511 ||  1358
       Kick              |       |       |    65 |    35 |       ||   100
       Scimitar          |       |       |       |     5 |       ||     5
Invok: Request Jelly     |       |       |       |     2 |       ||     2
       Slimify           |       |       |       |     2 |       ||     2
 Abil: Evoke Berserk Rag |       |     2 |     5 |     7 |     1 ||    15
  Use: Scroll            |       |       |    13 |     6 |       ||    19
       Potion            |       |       |     2 |       |     1 ||     3
 Stab: Confused          |       |       |       |     5 |     8 ||    13
  Eat: Chunk             |       |     8 |     8 |     2 |       ||    18
Armor: Scale mail        |    38 |    51 |    29 |       |    88 ||   206
       Plate armour      |       |       |    30 |   218 |    81 ||   329
Dodge: Dodged            |    18 |    37 |    18 |   114 |   110 ||   297
Block: Shield            |    39 |    67 |    74 |   253 |   245 ||   678
